 Dungeon Crawl Stone Soup version 0.31.0-12-g77e489cdc1 (webtiles) character file.

Game seed: 16814616707259579783

1472 ezpacito the Chopper (level 8, -3/61 HPs)
             Began as a Demonspawn Berserker on Feb 15, 2024.
             Was a Priest of Trog.
             Slain by a gnoll sergeant
             ... wielding a +3 spear of distortion
              (6 damage)
             ... on level 6 of the Dungeon.
             The game lasted 00:07:46 (4955 turns).

ezpacito the Chopper (Demonspawn Berserker)         Turns: 4955, Time: 00:07:46

Health: -3/61      AC:  8    Str: 22    XL:     8   Next: 49%
Magic:  8/8        EV: 16    Int:  8    God:    Trog [***...]
Gold:   214        SH:  5    Dex: 14    Spells: 7/7 levels left

rFire   + . .        x - +0 war axe
rCold   + . .        B - orb of the Merchant {mayhem, Dex+2}
rNeg    . . .        C - +0 scale mail "Esmock" {rF+ rC+ Str+2 Stlth+}
rPois   .            (no helmet)
rElec   .            r - +0 cloak
rCorr   .            (no gloves)
SInv    .            (no boots)
Will    ++...        v - amulet of reflection
Stlth   ++           (no ring)
HPRegen 1.30/turn    (no ring)
MPRegen 0.11/turn

%: mayhem, reflection
@: agile, strong-willed, on berserk cooldown, regenerating, slowed, very slow
A: claws 2, powered by pain 2, demonic magic 1
a: Renounce Religion, Berserk, Trog's Hand


You were on level 6 of the Dungeon.
You worshipped Trog.
Trog was most pleased with you.
You visited 1 branch of the dungeon, and saw 6 of its levels.

You collected 452 gold pieces.
You spent 238 gold pieces at shops.

Inventory:

Hand Weapons
 o - a +3 spear
 u - a +2 dagger of freezing
 x - a +0 war axe (weapon)
Missiles
 c - 65 stones (quivered)
 n - 5 poisoned darts
 s - 3 atropa-tipped darts
Armour
 r - a +0 cloak (worn)
 B - the orb of the Merchant (worn) {mayhem, Dex+2}
   (You bought it in a shop on level 3 of the Dungeon)

   Dex+2:     It affects your dexterity (+2).
 C - the +0 scale mail "Esmock" (worn) {rF+ rC+ Str+2 Stlth+}
   (You found it on level 6 of the Dungeon)

   Str+2:     It affects your strength (+2).
   rF+:       It protects you from fire.
   rC+:       It protects you from cold.
   Stlth+:    It makes you more stealthy.
Jewellery
 f - a ring of fire
 v - an amulet of reflection (around neck)
Talismans
 a - a beast talisman
Scrolls
 d - a scroll of acquirement {unknown}
 e - a scroll of immolation {unknown}
 g - 3 scrolls of teleportation
 h - 2 scrolls of silence {unknown}
 i - a scroll of fog {unknown}
 j - a scroll of noise {unknown}
 k - 3 scrolls of blinking
 w - 2 scrolls of torment {unknown}
 y - a scroll of revelation {unknown}
 A - a scroll of butterflies {unknown}
Potions
 b - a potion of curing
 m - a potion of attraction
 p - a potion of might {unknown}
 q - a potion of cancellation {unknown}
 t - a potion of enlightenment {unknown}
 z - a potion of haste {unknown}


   Skills:
 * Level 4.8 Fighting
 * Level 6.2 Axes
 * Level 4.3 Armour
 * Level 3.5 Dodging
 * Level 3.1 Stealth
 * Level 2.6 Unarmed Combat
 * Level 1.5 Shapeshifting


You had 7 spell levels left.
You didn't know any spells.
Your spell library contained the following spells:

 Spells                   Type           Power      Damage    Failure   Level
 Static Discharge         Conj/Air       0%         3-3/arc   86%         2
 Airstrike                Air            0%         2d(0-16)  100%        4
 Summon Lightning Spire   Summ/Air       0%         N/A       100%        4


Dungeon Overview and Level Annotations

Branches:
Dungeon (6/15)             Temple (0/1) D:6

Altars:
Fedhas
Gozag
Okawaru
Qazlal
Uskayaw
Yredelemnul

Shops:
D:1 (   D:3 [


Innate Abilities, Weirdness & Mutations

You have very sharp fingernails.
You sometimes gain power by taking damage.
Spells you cast may paralyse adjacent enemies.


Message History

Things that are here:
a +0 whip; a gnoll corpse You feel a strong urge to attack something.
You hit the gnoll sergeant.
The gnoll sergeant is lightly wounded.
You closely miss the gnoll. The gnoll barely misses you.
The gnoll sergeant hits you with a +3 spear of distortion.
You blink.
You feel a strong urge to attack something.
You are no longer berserk.
You are exhausted.
You feel yourself slow down.
The gnoll sergeant hits you from afar with a +3 spear of distortion.
Space warps horribly around you! The gnoll sergeant barely misses you.
The gnoll barely misses you. The gnoll hits you but does no damage.
The gnoll hits you but does no damage. The gnoll misses you.
The gnoll sergeant hits you with a +3 spear of distortion!
You focus on the pain.
You feel agile all of a sudden.
Things that are here:
a +0 whip; a gnoll corpse You closely miss the gnoll.
You hit the gnoll sergeant. You barely miss the gnoll. The gnoll misses you. x2
The gnoll sergeant hits you with a +3 spear of distortion!
The gnoll barely misses you. The gnoll hits you with a +0 spear.
* * * LOW HITPOINT WARNING * * *
The gnoll sergeant closely misses you.
Unknown command.
You closely miss the gnoll sergeant.
The gnoll sergeant is moderately wounded.
You hit the gnoll. x2; The gnoll hits you with a +0 halberd.
* * * LOW HITPOINT WARNING * * *
The gnoll barely misses you.
The gnoll sergeant hits you with a +3 spear of distortion!
* * * LOW HITPOINT WARNING * * *
Space warps around you.
* * * LOW HITPOINT WARNING * * *
The gnoll closely misses you.
The gnoll sergeant hits you with a +3 spear of distortion.
You die...

....⌠.⌠..#..
#.8.>.8..##
#..⌠.⌠.....
##.8.8.8....
###...........
######...###.......
#..................
###.####.###....>..
##@g# #.# #.......
#gg## ..# #.......
#g## .## #.......
#g# . ...#####.#
#.# .. ... #.# #.#
.... #.. #.# .. ##.
#.# .... ..# ###.


You could see a gnoll sergeant and 4 gnolls.

Vanquished Creatures
  Prince Ribbit (D:5)
  A sky beast (D:5)
  An ice beast (D:5)
  An ogre (D:5)
  3 phantoms
  A howler monkey (D:5)
  2 bombardier beetles
  4 orc priests
  3 iguanas
  3 orc wizards
  Natasha (twice) (D:3)
  A sleepcap (D:5)
  5 gnolls
  9 adders
  A white imp (D:5)
  3 dart slugs
  A ribbon worm (D:3)
  21 orcs
  3 ball pythons
  8 bats
  12 endoplasms
  4 goblins
  10 hobgoblins
  2 quokkas
  4 frilled lizards
  12 kobolds
  6 rats
124 creatures vanquished.

Vanquished Creatures (collateral kills)
  A scorpion (D:6)
  An orc wizard (D:6)
  An orc (D:6)
3 creatures vanquished.

Grand Total: 127 creatures vanquished

Notes
Turn   | Place    | Note
-------+----------+-------------------------------------------
     0 | D:1      | ezpacito the Demonspawn Berserker began the quest for the
                  | Orb.
     0 | D:1      | Reached XP level 1. HP: 18/18 MP: 1/1
    60 | D:1      | Found a faded altar of an unknown god.
   172 | D:1      | Gained mutation: You sometimes gain a little power by
                  | taking damage. [demonic ancestry]
   172 | D:1      | Reached XP level 2. HP: 13/24 MP: 2/2
   236 | D:1      | Found Buteqe's Antique Weapon Emporium.
   460 | D:1      | Reached skill level 3 in Axes
   542 | D:1      | Reached skill level 1 in Stealth
   619 | D:1      | Reached ** piety under Trog
   837 | D:2      | Gained mutation: You sometimes gain power by taking damage.
                  | [demonic ancestry]
   837 | D:2      | Reached XP level 3. HP: 29/29 MP: 3/3
  1251 | D:2      | Gained mutation: You have sharp fingernails. [demonic
                  | ancestry]
  1251 | D:2      | Reached XP level 4. HP: 21/35 MP: 4/4
  1618 | D:3      | Noticed Natasha
  1628 | D:3      | Killed Natasha
  1830 | D:3      | Found a hide-covered altar of Uskayaw.
  1830 | D:3      | Found an opulent altar of Gozag.
  1854 | D:3      | Found Qeammen's Antique Armour Emporium.
  1856 | D:3      | Noticed Natasha
  1870 | D:3      | Killed Natasha
  1871 | D:3      | Reached skill level 1 in Unarmed Combat
  1871 | D:3      | Reached XP level 5. HP: 18/41 MP: 5/5
  1984 | D:3      | Reached skill level 4 in Axes
  2179 | D:3      | Identified the +3 ring mail "Ruremy" {SInv}
  2295 | D:3      | Reached XP level 6. HP: 48/48 MP: 6/6
  2397 | D:4      | Found a basalt altar of Yredelemnul.
  2596 | D:4      | Reached *** piety under Trog
  2727 | D:4      | Found a stormy altar of Qazlal.
  2728 | D:4      | Noticed a water elemental
  2729 | D:4      | Noticed an air elemental
  2729 | D:4      | Noticed a fire elemental
  2990 | D:4      | Found a blossoming altar of Fedhas.
  3300 | D:5      | Entered Level 5 of the Dungeon
  3323 | D:5      | Gained mutation: Spells you cast may paralyse adjacent
                  | enemies. [demonic ancestry]
  3323 | D:5      | Reached XP level 7. HP: 25/54 MP: 7/7
  3449 | D:5      | Found an iron altar of Okawaru.
  3476 | D:5      | Noticed Prince Ribbit
  3488 | D:5      | Killed Prince Ribbit
  3489 | D:5      | Reached skill level 5 in Axes
  3886 | D:5      | Reached skill level 1 in Shapeshifting
  3886 | D:5      | Gained mutation: You have very sharp fingernails. [demonic
                  | ancestry]
  3886 | D:5      | Reached XP level 8. HP: 34/61 MP: 8/8
  4639 | D:5      | Reached skill level 6 in Axes
  4788 | D:3      | Bought a pitted orb for 238 gold pieces
  4788 | D:3      | Identified the orb of the Merchant {mayhem, Dex+2} (You
                  | bought it in a shop on level 3 of the Dungeon)
  4864 | D:6      | Identified the +0 scale mail "Esmock" {rF+ rC+ Str+2
                  | Stlth+}
  4927 | D:6      | Found a staircase to the Ecumenical Temple.
  4955 | D:6      | HP: 3/61 [gnoll sergeant/+3 spear of distortion (2)]
  4955 | D:6      | Slain by a gnoll sergeant

Illustrated notes

Levels and vault maps discovered:
D:1:      lemuel_arrival_broad_hall, layout_loops_ring, serial_shops,
          nicolae_shop_waterfront, hellmonk_ecumenical_altar_arch_garden,
          minmay_heptomino_h4
D:2:      layout_basic
D:3:      layout_rooms, gammafunk_temple_overflow_wave, tso_altar, serial_shops,
          shop, uniq_natasha
D:4:      layout_basic, nicolae_qazlal_style_of_elements,
          mainiacjoe_overflow_boulevard, mainiacjoe_overflow_surrounded_room
D:5:      layout_cave_pools, lemuel_round_altar, hex_medium, hex_large,
          minmay_starry_boxes, uniq_prince_ribbit1
D:6:      layout_rooms, lemuel_coloured_pillars_altar, grunt_ashenzari_visionary
          [grunt_ashenzari_visionary_swamp, grunt_ashenzari_visionary_snake],
          minitemple, minmay_temple_entry_statues_fountains, lightli_orcish_oven

Skill      XL: |  1  2  3  4  5  6  7  8 |
---------------+-------------------------+-----
Axes           | 3 4 5 6 |  6.2
Stealth        | 1 2 3 |  3.1
Armour         | 2 3 4 |  4.3
Dodging        | 2 3 |  3.5
Unarmed Combat | 1 2 |  2.6
Fighting       | 4 |  4.8
Shapeshifting  | 1 |  1.5

Action                     |  1- 3 |  4- 6 |  7- 9 || total
---------------------------+-------+-------+-------++-------
  Melee: Hand axe          |   117 |   215 |     2 ||   334
         Punch             |       |     9 |     1 ||    10
         War axe           |       |       |   141 ||   141
 Invoke: Berserk           |     1 |     3 |     4 ||     8
         Trog's Hand       |       |       |     1 ||     1
Ability: Begin Untransform |       |       |     1 ||     1
    Use: Scroll            |       |     5 |     1 ||     6
         Potion            |       |     1 |     2 ||     3
   Stab: Sleeping          |     1 |       |       ||     1
 Armour: Animal skin       |    36 |       |       ||    36
         Ring mail         |    34 |   155 |    96 ||   285
         Scale mail        |       |       |    14 ||    14
  Dodge: Dodged            |    71 |   118 |    86 ||   275
  Block: Other             |       |     9 |    16 ||    25
   Form: Beast             |       |       |     1 ||     1
